 Dungeon Crawl Stone Soup version 0.30-a0-210-g01b79a254e (webtiles) character file.

Game seed: 40190597316043667

32 Sobieck the Covered (level 3, 33/33 HPs)
             Began as an Armataur Fighter on Oct 4, 2022.
             Got out of the dungeon alive.
             The game lasted 00:01:48 (600 turns).

Sobieck the Covered (Armataur Fighter)               Turns: 600, Time: 00:01:49

Health: 33/33      AC:  7    Str: 21    XL:     3   Next: 10%
Magic:  3/3        EV:  7    Int:  8    God:
Gold:   35         SH:  4    Dex: 11    Spells: 2/2 levels left

rFire   . . .      SeeInvis .    a - +0 flail {mace}
rCold   . . .      Faith    .    c - +0 buckler
rNeg    . . .      Spirit   .    b - +0 scale mail
rPois   .          Reflect  .    (no helmet)
rElec   .          Harm     .    (no cloak)
rCorr   .          Roll     +    (no gloves)
Will    .....                    (no barding)
Stlth   ..........               (no amulet)
HPRegen 0.25/turn                (no ring)
MPRegen 0.08/turn                (no ring)

@: no status effects
A: large, rugged brown scales 3, deformed body, armoured tail, roll, long
tongue, awkward tongue
a: no special abilities


You escaped.
You visited 1 branch of the dungeon, and saw 2 of its levels.

You collected 35 gold pieces.


Innate Abilities, Weirdness & Mutations

You are completely covered in rugged brown scales. (AC +3, +7% HP)
Armour fits poorly on your strangely shaped body.
You have a long armoured tail.
You roll when moving toward enemies. (Rampage)
Your long tongue fully drains potion bottles. (2x potion effects)
Your tongue gives you trouble enunciating. (1.5x scroll delay)


   Skills:
 + Level 3.0 Fighting
 + Level 2.2 Maces & Flails
 + Level 4.1 Armour
 + Level 3.6 Shields


You had 2 spell levels left.
You didn't know any spells.
Your spell library contained the following spells:

 Spells                   Type           Power      Damage    Failure   Level
 Apportation              Tloc           0%         N/A       80%         1
 Necrotise                Necr           0%         1d4       80%         1
 Summon Small Mammal      Summ           0%         N/A       80%         1

Inventory:

Hand Weapons
 a - a +0 flail (weapon) {mace}
Missiles
 g - 29 stones (quivered) {throwing}
 o - 3 curare-tipped darts {=fthrowing}
Armour
 b - a +0 scale mail (worn)
 c - a +0 buckler (worn)
 h - a +0 robe
   (You found it on level 1 of the Dungeon)
Scrolls
 e - 2 scrolls of identify {unknown}
 f - a scroll of enchant weapon {unknown}
 m - a scroll of noise {unknown}
Potions
 d - a potion of might
 i - 2 potions of resistance {unknown}
 j - a potion of mutation {unknown}
 k - a potion of haste {unknown}
 l - 3 potions of curing {unknown}
 n - 2 potions of brilliance {unknown}

Dungeon Overview and Level Annotations

Branches:
Dungeon (2/15) Zot: 11379

Altars:

######### #...+...#
######## #@#.#.#.#
###......#
####.#.####
.........#
#.........#
..###....#
#.##...##.#
###_###..#
#..#...#..#
#8...8#..#
####...####
#.###.#..# #..##
#.#5#.#..#########.##
#.###.#............#


There were no monsters in sight!


Message History

Unknown command.
n - 2 orange potions
Found an escape hatch in the floor.
Unknown command.
l - 2 blue potions (gained 1)
There is a stone staircase leading down here.
l - 3 blue potions (gained 1)
There is a stone staircase leading down here.
A frilled lizard comes into view.
The frilled lizard hisses angrily.
Danger!
A frilled lizard is nearby!
You roll towards the frilled lizard!
The frilled lizard barely misses you.
You closely miss the frilled lizard. The frilled lizard closely misses you.
You barely miss the frilled lizard.
The frilled lizard bites you but does no damage.
You miss the frilled lizard.
Your tail-slap misses the frilled lizard.
The frilled lizard barely misses you. The frilled lizard bites you.
You closely miss the frilled lizard.
Your tail-slap misses the frilled lizard.
The frilled lizard bites you but does no damage.
You closely miss the frilled lizard.
Your tail-slap misses the frilled lizard.
The frilled lizard barely misses you. The frilled lizard bites you.
You closely miss the frilled lizard.
The frilled lizard bites you but does no damage.
You hit the frilled lizard.
You kill the frilled lizard!
No target in view!
Unknown command.
Unknown command.
Unknown command.
An endoplasm comes into view.
The endoplasm quivers.
Danger!
You roll towards the endoplasm!
You sock the endoplasm!
You kill the endoplasm!
Your Armour skill increases to level 4!
No target in view!
No target in view!
No target in view!
You now have 35 gold pieces (gained 9).
o - 3 curare-tipped darts {=fthrowing} Unknown command.
An endoplasm comes into view.
The endoplasm quivers.
Danger!
The endoplasm hits you.
You hit the endoplasm. You tail-slap the endoplasm.
You kill the endoplasm!
Your Fighting skill increases to level 3!
No target in view!
No target in view!
A ball python comes into view.
The ball python hisses angrily.
Danger!
You hit the ball python.
You kill the ball python!
No target in view!
No target in view!
Done exploring.
Done exploring.
Done exploring.
(D) Dungeon
Where to? (? - help)
There is a stone staircase leading down here.
You climb downwards.
There is a stone staircase leading up here.
Unknown command.
Unknown command.
An adder comes into view.
The adder hisses angrily.
Danger!
You roll towards the adder!
A goblin comes into view. It is wielding a +0 dagger.
You roll towards the adder!
You sock the adder! The adder bites you. x2
You miss the adder. You tail-slap the adder.
You kill the adder!
You have reached level 3!
Your experience leads to an increase in your attributes!
Increase (S)trength, (I)ntelligence, or (D)exterity?
You feel agile. x2
Unknown command.
Unknown command.
You roll towards the goblin!
You sock the goblin!
You kill the goblin!
No target in view!
No target in view!
No target in view!
(D) Dungeon
Where to? (Enter - D:2, ? - help)
There is a stone staircase leading up here.
You climb upwards.
There is a stone staircase leading down here.
There is a stone staircase leading down here.
There is a staircase leading out of the dungeon here.
Are you sure you want to leave the Dungeon?
This will make you lose the game!
You have escaped!

Skill      XL: |  1  2 |
---------------+-------+-----
Maces & Flails | 2 |  2.2
Armour         | 4 |  4.1
Fighting       | 3 |  3.0
Shields        | |  3.6

Action                   || total
-------------------------++-------
Melee: Flail             ||    58
       Tailslap          ||     6
Armor: Scale mail        ||    30
Dodge: Dodged            ||    26
Block: Buckler           ||     6

Levels and vault maps discovered:
D:1:      onia_arrival_mini_spirals, layout_rooms,
          dreamdust_ecumenical_altar_sealed_demon,
          hangedman_decor_diamond_cutter
D:2:      layout_loops_corners, serial_shops, nicolae_lakefront_shop,
          uniq_terence

Notes
Turn   | Place    | Note
-------+----------+-------------------------------------------
     0 | D:1      | Sobieck the Armataur Fighter began the quest for the Orb.
     0 | D:1      | Reached XP level 1. HP: 19/19 MP: 1/1
    52 | D:1      | Reached skill level 2 in Maces & Flails
   144 | D:1      | Reached XP level 2. HP: 26/26 MP: 2/2
   201 | D:1      | You pick up a book of Cantrips and begin reading...
   201 | D:1      | You add the spells Necrotise, Summon Small Mammal and
                  | Apportation to your library.
   252 | D:1      | Found a faded altar of an unknown god.
   408 | D:1      | Reached skill level 4 in Armour
   453 | D:1      | Reached skill level 3 in Fighting
   550 | D:2      | Reached XP level 3. HP: 29/33 MP: 3/3
   600 | D:$      | Got out of the dungeon alive.

Vanquished Creatures
  An adder (D:2)
  7 endoplasms (D:1)
  A goblin (D:2)
  A hobgoblin (D:1)
  4 jackals (D:1)
  A ball python (D:1)
  A bat (D:1)
  2 frilled lizards (D:1)
  2 kobolds (D:1)
  2 rats (D:1)
22 creatures vanquished.

Table legend:
 A = Non-vault XP
 B = Vault XP
 C = Vault XP percentage of total XP
 D = Non-vault monster count
 E = Vault monster count
 F = Vault count percentage of total count
                 A         B        C        D         E       F
            +---------+---------+-------+---------+---------+-------
      Total |      47 |       0 |   0.0 |      22 |       0 |   0.0
            +---------+---------+-------+---------+---------+-------
        D:1 |      32 |       0 |   0.0 |      20 |       0 |   0.0
        D:2 |      15 |       0 |   0.0 |       2 |       0 |   0.0
            +---------+---------+-------+---------+---------+-------

Illustrated notes

Table legend:
 A = Kills in this place as a percentage of kills in entire the game.
 B = Kills by you in this place as a percentage of kills by you in the entire game.
 C = Kills by friends in this place as a percentage of kills by friends in the entire game.
 D = Other kills in this place as a percentage of other kills in the entire game.
 E = Experience gained in this place as a percentage of experience gained in the entire game.
 F = Experience gained in this place divided by the number of levels of this place that you have seen.
                   A       B       C       D       E      F
               +-------+-------+-------+-------+-------+----------------------
         Total | 100.0 | 100.0 |   N/A |   N/A | 100.0 |  23.5
       Dungeon | 100.0 | 100.0 |   N/A |   N/A | 100.0 |  23.5
               +-------+-------+-------+-------+-------+----------------------

Table legend: (Time is in decaauts)
 A = Elapsed time spent in this place.
 B = Non-inter-level travel time spent in this place.
 C = Inter-level travel time spent in this place.
 D = Time resting spent in this place.
 E = Time spent auto-exploring this place.
 F = Levels seen in this place.
 G = Mean time per level.
                   A        B        C        D        E       F      G
               +--------+--------+--------+--------+--------+-----+--------+
         Total |    620 |    566 |     54 |      9 |    405 |   2 |  310.0 |
       Dungeon |    620 |    566 |     54 |      9 |    405 |   2 |  310.0 |
               +--------+--------+--------+--------+--------+-----+--------+

Top non-repeatable levels by time:
     D:1: 605 daAuts
     D:2: 14 daAuts
